 Seeded DCSS version 0.28-a0-1130-gc51a68064b (webtiles) character file.

Game seed: 8197062223022065933 (custom seed)

10 croobank the Sneak (level 2, 0/24 HPs)
             Began as a Formicid Delver on Dec 12, 2021.
             Slain by a howler monkey zombie (3 damage)
             ... on level 9 of the Dungeon.
             The game lasted 00:12:01 (404 turns).

croobank the Sneak (Formicid Delver)                 Turns: 404, Time: 00:12:02

Health: 0/24       AC:  3    Str: 16    XL:     2   Next: 30%
Magic:  2/2        EV: 11    Int:  9    God:
Gold:   24         SH:  0    Dex: 12    Spells: 1/1 levels left

rFire   . . .      SeeInvis +   a - +0 hand axe
rCold   . . .      Faith    .   (no shield)
rNeg    . . .      Spirit   .   b - +0 leather armour
rPois   .          Reflect  .   (helmet unavailable)
rElec   .          Harm     .   (no cloak)
rCorr   .          Rampage  .   (no gloves)
Will    .....                   (no boots)
Stlth   +++.......              (no amulet)
HPRegen 0.08/turn               (no ring)
MPRegen 0.08/turn               (no ring)

@: no status effects
A: permanent stasis, dig shafts and tunnels, antennae 3, four strong arms
a: Dig, Shaft Self


You were on level 9 of the Dungeon.
You visited 1 branch of the dungeon, and saw 3 of its levels.

You collected 24 gold pieces.

Inventory:

Hand Weapons
 a - a +0 hand axe (weapon)
Armour
 b - a +0 leather armour (worn)
Wands
 f - a wand of digging (3)
Scrolls
 d - a scroll of magic mapping
 e - a scroll of fear
 g - a scroll of identify {unknown}


   Skills:
 + Level 3.4 Fighting
 + Level 2.2 Axes
 + Level 2.0 Dodging
 + Level 6.1 Stealth


You had one spell level left.
You didn't know any spells.
Your spell library was empty.

Dungeon Overview and Level Annotations

Branches:
Dungeon (6/15)
 Temple: D:4-7

Altars:


Innate Abilities, Weirdness & Mutations

You cannot be hasted, slowed, berserked, paralysed or teleported.
You can dig through walls and to a lower floor.
You have a pair of large antennae on your head. (SInv)
Your four strong arms can wield two-handed weapons with a shield.


Message History

Found a book of Lightning and 16 gold pieces.
You can't see any enemies this would affect, really read the scroll of fear?
Okay, then.
You closely miss the howler monkey zombie.
The howler monkey zombie barely misses you.
You hit the howler monkey zombie.
The howler monkey zombie is lightly damaged.
The howler monkey zombie hits you.
You hit the howler monkey zombie.
The howler monkey zombie is moderately damaged.
The howler monkey zombie hits you.
You slash the howler monkey zombie!
The howler monkey zombie is heavily damaged.
The howler monkey zombie completely misses you.
The howler monkey zombie barely misses you.
You hit the howler monkey zombie but do no damage.
The howler monkey zombie is heavily damaged.
The howler monkey zombie closely misses you.
You hit the howler monkey zombie.
The howler monkey zombie is severely damaged.
The howler monkey zombie hits you.
* * * LOW HITPOINT WARNING * * *
You barely miss the howler monkey zombie.
The howler monkey zombie is severely damaged.
The howler monkey zombie closely misses you.
You barely miss the howler monkey zombie.
The howler monkey zombie is severely damaged.
The howler monkey zombie closely misses you.
You hit the howler monkey zombie.
The howler monkey zombie is almost destroyed.
The howler monkey zombie hits you.
* * * LOW HITPOINT WARNING * * *
The howler monkey zombie misses you.
You hit the howler monkey zombie.
The howler monkey zombie is almost destroyed.
The howler monkey zombie hits you but does no damage.
You hit the howler monkey zombie.
The howler monkey zombie is almost destroyed.
The howler monkey zombie hits you.
You die...

## #.# .. ##. ##.#
#.@# ##Z.#### ##
###......# ##.
###........#
###..#####..#.......#
......#$..###......:#
#......### #.......#
####..## #..$....#
##..# #...$...#


You could see a howler monkey zombie.

Vanquished Creatures
  A howler monkey zombie (D:5)
1 creature vanquished.

Notes
Turn   | Place    | Note
-------+----------+-------------------------------------------
     0 | D:5      | croobank the Formicid Delver began the quest for the Orb.
     0 | D:5      | Reached XP level 1. HP: 18/18 MP: 1/1
    37 | D:5      | Reached XP level 2. HP: 15/24 MP: 2/2
   289 | D:6      | Noticed a black bear
   347 | D:6      | Noticed a yak
   347 | D:6      | Noticed a centaur
   358 | D:6      | You fall into a shaft and drop 3 floors!
   358 | D:9      | Noticed a yak
   358 | D:9      | Noticed a yak
   358 | D:9      | Noticed a yak
   404 | D:9      | Slain by a howler monkey zombie

Illustrated notes

Levels and vault maps discovered:
D:5:      layout_loops_ring, led_sif_pool, hangedman_glass_teeth, uniq_eustachio
D:6:      minmay_thinvault, layout_basic, chequers_temple_overflow_minitemple,
          kennysheep_generic_room_14
D:9:      layout_cave_pods, grunt_temple_overflow_lords_of_destruction,
          grunt_decor_mini_mirrors

Skill      XL: |  1 |
---------------+----+-----
Dodging        | 2 |  2.0
Fighting       | |  3.4
Axes           | |  2.2
Stealth        | |  6.1

Action                   || total
-------------------------++-------
Melee: Hand axe          ||    19
 Abil: Dig               ||    11
       Shaft Self        ||     1
  Use: Scroll            ||     2
Armor: Leather armour    ||     2
Dodge: Dodged            ||    17

Table legend: (Time is in decaauts)
 A = Elapsed time spent in this place.
 B = Non-inter-level travel time spent in this place.
 C = Inter-level travel time spent in this place.
 D = Time resting spent in this place.
 E = Time spent auto-exploring this place.
 F = Levels seen in this place.
 G = Mean time per level.
                   A        B        C        D        E       F      G
               +--------+--------+--------+--------+--------+-----+--------+
         Total |    410 |    410 |      0 |    111 |      0 |   3 |  136.7 |
       Dungeon |    410 |    410 |      0 |    111 |      0 |   3 |  136.7 |
               +--------+--------+--------+--------+--------+-----+--------+

Top non-repeatable levels by time:
     D:5: 191 daAuts
     D:6: 171 daAuts
     D:9: 47 daAuts
